 Dungeon Sprint DCSS version 0.30.0-29-ga12c61a403 (webtiles) character file.

Game seed: 3085180727211168047

491 Revguard the Cudgeller (level 6, -1/67 HPs)
             Began as a Troll Monk on June 19, 2023.
             Was a Believer of Jiyva.
             Slain by a troll (13 damage)
             ... in the Dungeon (Sprint IX: "|||||||||||||||||||||||||||||").
             The game lasted 00:02:21 (171 turns).

Revguard the Cudgeller (Troll Monk)                  Turns: 171, Time: 00:02:22

Health: -1/67      AC:  4    Str: 23    XL:     6   Next: 91%
Magic:  5/5        EV: 12    Int:  6    God:    Jiyva [**....]
Gold:   0          SH:  0    Dex: 14    Spells: 5/5 levels left

rFire   . . .        n - +2 dire flail (heavy)
rCold   . . .        (shield currently unavailable)
rNeg    . . .        b - +0 robe
rPois   .            (helmet restricted)
rElec   .            (no cloak)
rCorr   +            (gloves unavailable)
SInv    .            (boots unavailable)
Will    .....        (no amulet)
Stlth   +            o - +3 ring of strength
HPRegen 2.07/turn    (no ring)
MPRegen 0.39/turn

%: no teleportation
@: no status effects
A: large, unfitting armour, claws 3, regeneration 1, shaggy fur 1, tough skin 1
a: Renounce Religion


You were in the Dungeon.
You worshipped Jiyva.
Jiyva was pleased with you.
You visited 1 branch

Inventory:

Hand Weapons
 a - a +0 mace
 n - a +2 heavy dire flail (weapon)
Armour
 b - a +0 robe (worn)
Jewellery
 o - a +3 ring of strength (left claw)
 p - a +3 ring of intelligence
Wands
 m - a wand of acid (8)
Scrolls
 j - 2 scrolls of blinking
 l - 2 scrolls of amnesia
Potions
 c - a potion of ambrosia
 e - 5 potions of curing
 f - a potion of invisibility
 g - a potion of haste
 h - 4 potions of magic
 i - a potion of berserk rage
 k - a potion of heal wounds


   Skills:
 + Level 6.0 Fighting
 + Level 6.6 Maces & Flails
 + Level 5.3 Armour
 + Level 6.0 Dodging
 + Level 4.9 Evocations


You had 5 spell levels left.
You didn't know any spells.
Your spell library was empty.

Dungeon Overview and Level Annotations

Branches:
Dungeon (1/1)

Altars:
Cheibriados
Dithmenos
Elyvilon
Fedhas
Gozag
Hepliaklqana
Kikubaaqudgha
Makhleb
Nemelex Xobeh
Okawaru
Qazlal
Ru
Sif Muna
Trog
Uskayaw
Vehumet
Wu Jian
Xom
Yredelemnul
Zin
The Shining One
Jiyva
Lugonu


Innate Abilities, Weirdness & Mutations

You are too large for most types of armour.
You have claws for hands.
Your natural rate of healing is unusually fast.
You are covered in fur. (AC +1)
You have tough skin. (AC +1)


Message History

You bludgeon the yak!!
You kill the yak!
You hear a distant slurping noise.
The kobold demonologist gestures wildly while chanting.
Your Fighting skill increases to level 6!
Your Armour skill increases to level 5!
Your Dodging skill increases to level 6!
You closely miss the troll.
The troll is lightly wounded.
The troll bites you but does no damage. The troll claws you! x2
* * * LOW HITPOINT WARNING * * *
The troll barely misses you. The troll claws you but does no damage.
The troll closely misses you.
Aiming: Corrosive Bolt
Press: ? - help, Shift-Dir - straight line, f - kobold demonologist, p - gnoll bouda
Aim: a kobold demonologist, wielding a +0 dagger and wearing a +0 robe (64% to hit)
The bolt of acid hits the troll!
The troll seems to be corroded for longer.
The troll is heavily wounded.
The bolt of acid hits the gnoll bouda!
You kill the gnoll bouda!
The bolt of acid hits the kobold demonologist!
The acid corrodes the kobold demonologist!
The kobold demonologist is moderately wounded.
The bolt of acid hits the hellwing!
The hellwing is lightly wounded.
The bolt of acid hits the soul eater!!
The acid corrodes the soul eater!
The soul eater is heavily wounded.
The troll barely misses you. The troll claws you!
* * * LOW HITPOINT WARNING * * *
The troll barely misses you.
You feel much better.
The hellwing swoops through the air toward you!
The hellwing hits you but does no damage.
The hellwing barely misses you.
The soul eater draws from the surrounding life force!
The soul eater is healed.
The troll bites you!
* * * LOW HITPOINT WARNING * * *
The troll barely misses you. The troll claws you!
You die...

▓.▓
▓.▓
▓3▓
▓.▓
▓.▓
▓K▓
▓T▓
▓@▓
▓4▓
▓[▓
▓[▓
▓[▓
▓.▓
▓)▓
▓[▓
▓.▓


You could see a soul eater (summoned, corroded), a hellwing (summoned), a kobold
demonologist (corroded) and a troll (corroded).

Vanquished Creatures
  2 yaks (D)
  An acid dragon (D)
  A gnoll bouda (D)
  2 iguanas (D)
  2 adders (D)
  An ufetubus (D)
  A dart slug (D)
  2 ball pythons (D)
  A quokka (D)
  A bat (D)
14 creatures vanquished.

Vanquished Creatures (others)
  A great orb of eyes (D)
  2 slime creatures (D)
  A jelly (D)
4 creatures vanquished.

Grand Total: 18 creatures vanquished

Notes
Turn   | Place    | Note
-------+----------+-------------------------------------------
     0 | D        | Revguard the Troll Monk began the quest for the Orb.
     0 | D        | Reached XP level 1. HP: 22/22 MP: 0/0
    12 | D        | Reached skill level 1 in Armour
    18 | D        | Noticed an iguana
    18 | D        | Noticed an iguana
    25 | D        | Reached skill level 1 in Evocations
    25 | D        | Reached XP level 2. HP: 16/31 MP: 1/1
    37 | D        | Reached XP level 3. HP: 26/37 MP: 2/2
    46 | D        | Reached XP level 4. HP: 18/48 MP: 3/3
    91 | D        | Found a snail-covered altar of Cheibriados.
    91 | D        | Found a shadowy altar of Dithmenos.
    91 | D        | Found a white marble altar of Elyvilon.
    91 | D        | Found a blossoming altar of Fedhas.
    91 | D        | Found an opulent altar of Gozag.
    92 | D        | Found a hazy altar of Hepliaklqana.
    93 | D        | Found a viscous altar of Jiyva.
    94 | D        | Found an ancient bone altar of Kikubaaqudgha.
    95 | D        | Found a corrupted altar of Lugonu.
    96 | D        | Found a burning altar of Makhleb.
    97 | D        | Found a sparkling altar of Nemelex Xobeh.
    98 | D        | Found an iron altar of Okawaru.
    99 | D        | Found a stormy altar of Qazlal.
   100 | D        | Found a sacrificial altar of Ru.
   101 | D        | Became a worshipper of Jiyva Jofetel the Shapeless
   101 | D        | Reached * piety under Jiyva
   101 | D        | Reached ** piety under Jiyva
   102 | D        | Found a shimmering blue altar of Sif Muna.
   102 | D        | Killed a slime creature
   103 | D        | Found a bloodstained altar of Trog.
   104 | D        | Found a hide-covered altar of Uskayaw.
   104 | D        | Killed a slime creature
   105 | D        | Found a radiant altar of Vehumet.
   106 | D        | Found an ornate altar of the Wu Jian Council.
   107 | D        | Found a shimmering altar of Xom.
   108 | D        | Found a basalt altar of Yredelemnul.
   108 | D        | Killed a great orb of eyes
   109 | D        | Found a glowing silver altar of Zin.
   110 | D        | Found a glowing golden altar of the Shining One.
   159 | D        | Noticed a kobold demonologist
   159 | D        | Noticed a troll
   159 | D        | Noticed a yak
   159 | D        | Noticed an acid dragon
   159 | D        | Noticed a yak
   164 | D        | Noticed a hellwing
   165 | D        | Killed a yak
   166 | D        | Reached skill level 5 in Maces & Flails
   166 | D        | Reached XP level 5. HP: 27/55 MP: 4/4
   166 | D        | Killed an acid dragon
   167 | D        | Reached skill level 5 in Fighting
   167 | D        | Reached skill level 5 in Dodging
   167 | D        | Reached XP level 6. HP: 36/66 MP: 5/5
   168 | D        | Killed a yak
   169 | D        | Reached skill level 5 in Armour
   169 | D        | Noticed a soul eater
   171 | D        | Slain by a troll

Illustrated notes

Levels and vault maps discovered:
D:        linesprint [early_d, line_temple, items_1, d_10, items_2, lair_1,
          lair_end, items_3, orc_1, orc_end, items_4, d_15, swamp_1, shoals_1,
          snake_1, spider_1, d_20, vaults_1, items_5, swamp_end, shoals_end,
          snake_end, spider_end, vaults_end, d_27, items_6, zot_1, zot_end,
          crypt_end, forest_end, elf_end, slime_end, tomb_end, abyss_end,
          pan_hell_end]

Skill      XL: |  1  2  3  4  5  6 |
---------------+-------------------+-----
Maces & Flails | 3 4 5 6 |  6.6
Armour         | 1 2 4 5 |  5.3
Fighting       | 3 4 5 6 |  6.0
Dodging        | 3 4 5 6 |  6.0
Evocations     | 1 2 3 4 |  4.9

Action                     |  1- 3 |  4- 6 || total
---------------------------+-------+-------++-------
  Melee: Mace              |    30 |    12 ||    42
         Dire flail        |       |     8 ||     8
  Evoke: Wand              |       |     2 ||     2
    Use: Potion            |     1 |     1 ||     2
 Armour: Robe              |     3 |     9 ||    12
  Dodge: Dodged            |    19 |    18 ||    37
